 Dungeon Crawl Stone Soup version 0.27.1-4-g1640c2035a (webtiles) character file.

Game seed: 14876171633515462258

4 zeram the Sneak (level 1, 0/10 HPs)
             Began as a Spriggan Brigand on Nov 15, 2021.
             Slain by a bat (1 damage)
             ... on level 1 of the Dungeon.
             The game lasted 00:00:18 (202 turns).

zeram the Sneak (Spriggan Brigand)                   Turns: 202, Time: 00:00:19

Health: 0/10       AC:  3    Str:  7    XL:     1   Next: 58%
Magic:  2/2        EV: 16    Int: 12    God:
Gold:   0          SH:  0    Dex: 16    Spells: 0/0 levels left

rFire    . . .     SeeInvis +   a - +2 dagger
rCold    . . .     Faith    .   (shield restricted)
rNeg     . . .     Spirit   .   b - +0 robe
rPois    .         Reflect  .   (helmet restricted)
rElec    .         Harm     .   c - +0 cloak
rCorr    .         Rampage  .   (gloves unavailable)
Will     .....                  (boots unavailable)
Stlth    +++.......             (no amulet)
HPRegen  0.03/turn              (no ring)
MPRegen  0.08/turn              (no ring)

@: very quick
A: very small, no large weapons, unfitting armour, see invisible, speed 3
a: no special abilities


You were on level 1 of the Dungeon.
You visited 1 branch of the dungeon, and saw 1 of its levels.

Inventory:

Hand Weapons
 a - a +2 dagger (weapon)
Missiles
 d - 8 poisoned darts (quivered)
 e - 2 curare-tipped darts
Armour
 b - a +0 robe (worn)
 c - a +0 cloak (worn)


   Skills:
 + Level 1.6 Fighting
 + Level 2.2 Short Blades
 + Level 2.0 Throwing
 + Level 1.3 Dodging
 + Level 6.2 Stealth


You couldn't memorise any spells.
You didn't know any spells.
Your spell library was empty.

Dungeon Overview and Level Annotations

Branches:
Dungeon (1/15)

Altars:


Innate Abilities, Weirdness & Mutations

You are very small and have problems with some larger weapons.
You are too small for most types of armour.
You have supernaturally acute eyesight. (SInv)
You cover ground extremely quickly. (Speed+++)


Message History

You are too injured to fight recklessly!
You are too injured to fight recklessly!
You are too injured to fight recklessly!
You are too injured to fight recklessly!
You are too injured to fight recklessly!
You are too injured to fight recklessly!
You are too injured to fight recklessly!
You are too injured to fight recklessly!
You are too injured to fight recklessly!
You are too injured to fight recklessly!
You are too injured to fight recklessly!
You are too injured to fight recklessly!
You are too injured to fight recklessly!
You are too injured to fight recklessly!
You are too injured to fight recklessly!
You are too injured to fight recklessly!
You hit the jackal.
The jackal is heavily wounded.
The bat closely misses you. The jackal barely misses you.
You hit the jackal but do no damage.
The jackal is heavily wounded.
The bat barely misses you. The jackal closely misses you.
The jackal barely misses you.
You hit the jackal.
The jackal is severely wounded.
The bat closely misses you. The jackal bites you.
* * * LOW HITPOINT WARNING * * *
You barely miss the jackal.
The jackal is severely wounded.
The bat misses you. The jackal misses you.
You hit the jackal but do no damage.
The jackal is severely wounded.
The jackal bites you but does no damage.
The hobgoblin hits you.
* * * LOW HITPOINT WARNING * * *
The bat barely misses you.
You aren't carrying any scrolls.
Unknown command.
The bat hits you.
You die...

########## ###############
#.........
.......†......###...).....
......ghb@.....##.........
...............##.........
...............##.........
........................†.
..........................
........################.#
##....### ......... .....
.####.### #... #


You could see a jackal, a hobgoblin and a bat.

Vanquished Creatures
  2 jackals (D:1)
  A ball python (D:1)
  A goblin (D:1)
  A rat (D:1)
5 creatures vanquished.

Notes
Turn   | Place    | Note
-------+----------+-------------------------------------------
     0 | D:1      | zeram the Spriggan Brigand began the quest for the Orb.
     0 | D:1      | Reached XP level 1. HP: 10/10 MP: 2/2
   174 | D:1      | Reached skill level 6 in Stealth
   202 | D:1      | Slain by a bat

Illustrated notes

Levels and vault maps discovered:
D:1:      dpeg_arrival_chambers_temple_mockup, layout_basic,
          shapermc_ecumenical_altar_hornbeckon

Skill      XL: |  1 |
---------------+----+-----
Stealth        | 6 |  6.2
Fighting       | |  1.6
Short Blades   | |  2.2
Throwing       | |  2.0
Dodging        | |  1.3

Action                   || total
-------------------------++-------
Melee: Dagger            ||    30
 Stab: Sleeping          ||     2
Armor: Robe              ||    10
Dodge: Dodged            ||    52
